 Dungeon Crawl Stone Soup version 0.28-a0-410-gbef64dd269 (webtiles) character file.

Game seed: 16941091251660811707

168 heikuro the Skirmisher (level 5, -2/37 HPs)
             Began as a Formicid Abyssal Knight on Sept 6, 2021.
             Was a Believer of Lugonu.
             Slain by a scorpion (3 damage)
             ... on level 5 of the Dungeon.
             The game lasted 00:05:37 (3205 turns).

heikuro the Skirmisher (Formicid Abyssal Knight)    Turns: 3205, Time: 00:05:38

Health: -2/37      AC: 11    Str: 18    XL:     5   Next: 77%
Magic:  7/7        EV:  6    Int: 11    God:    Lugonu [**....]
Gold:   153        SH:  4    Dex: 10    Spells: 4/4 levels left

rFire   . . .      SeeInvis +   a - +1 falchion
rCold   + . .      Faith    .   h - +0 buckler
rNeg    . . .      Spirit   .   s - +0 plate armour
rPois   .          Reflect  .   (helmet unavailable)
rElec   .          Harm     .   (no cloak)
rCorr   .          Rampage  .   (no gloves)
Will    .....                   (no boots)
Stlth   ..........              r - amulet of the acrobat
HPRegen 0.12/turn               (no ring)
MPRegen 0.10/turn               (no ring)

@: mighty, lethally poisoned (-2 -> -10), studying Spellcasting
A: permanent stasis, dig shafts and tunnels, antennae 3, four strong arms, cold
resistance 1, frail 1, sense surroundings 1, sturdy frame 1
a: Dig, Shaft Self, Renounce Religion, Depart the Abyss, Bend Space


You were on level 5 of the Dungeon.
You worshipped Lugonu.
Lugonu was pleased with you.
You visited 1 branch of the dungeon, and saw 5 of its levels.
You visited the Abyss 1 time.

You collected 153 gold pieces.

Inventory:

Hand Weapons
 a - a +1 falchion (weapon)
 b - a +0 hunting sling
Missiles
 j - 2 throwing nets
 l - 7 atropa-tipped darts (quivered)
Armour
 h - a +0 buckler (worn)
 s - a +0 plate armour (worn)
Jewellery
 r - an amulet of the acrobat (around neck)
Wands
 e - a wand of polymorph (4)
Scrolls
 c - 2 scrolls of noise {unknown}
 d - a scroll of torment {unknown}
 n - a scroll of blinking {unknown}
 o - 2 scrolls of teleportation {unknown}
 p - 2 scrolls of enchant weapon {unknown}
 q - a scroll of identify
Potions
 k - a potion of haste {unknown}
 m - a potion of brilliance


   Skills:
 + Level 4.1 Fighting
 * Level 2.6 Long Blades
 + Level 1.9 Slings
 + Level 3.1 Armour
 - Level 1.0 Dodging
 - Level 2.4 Shields
 + Level 3.1 Invocations


You had 4 spell levels left.
You didn't know any spells.
Your spell library was empty.

Dungeon Overview and Level Annotations

Branches:
Dungeon (6/15)
 Temple: D:4-7

Altars:


Innate Abilities, Weirdness & Mutations

You cannot be hasted, slowed, berserked, paralysed or teleported.
You can dig through walls and to a lower floor.
You have a pair of large antennae on your head. (SInv)
Your four strong arms can wield two-handed weapons with a shield.
Your flesh is cold resistant. (rC+)
You are frail. (-10% HP)
You passively map a small area around you.
Your movements are slightly less encumbered by armour. (ER -2)


Message History

* * * LOW HITPOINT WARNING * * *
You barely miss the scorpion.
The scorpion is heavily wounded.
The scorpion stings you but does no damage.
You feel much better.
The scorpion stings you but does no damage.
The scorpion stings you.
You are poisoned.
The scorpion poisons you!
You feel very mighty all of a sudden.
You feel very sick. The scorpion barely misses you.
You hit the scorpion but do no damage.
The scorpion is heavily wounded.
You feel very sick. The scorpion stings you.
You are lethally poisoned!
The scorpion poisons you!
You closely miss the scorpion.
The scorpion is heavily wounded.
* * * LOW HITPOINT WARNING * * *
You feel very sick.
The scorpion stings you but does no damage. x2
You hit the scorpion but do no damage.
The scorpion is moderately wounded.
* * * LOW HITPOINT WARNING * * *
You feel very sick.
The scorpion stings you but does no damage.
You closely miss the scorpion.
The scorpion is moderately wounded.
* * * LOW HITPOINT WARNING * * *
You feel very sick.
The scorpion stings you but does no damage.
You barely miss the scorpion.
The scorpion is moderately wounded.
* * * LOW HITPOINT WARNING * * *
You feel sick.
The scorpion stings you but does no damage.
The scorpion stings you.
You die...

#........# , *
#.......# ,*#.......#
, * #.......# , ,
#.......# * * ***
*#.......#########,<
*, #.........#......,
, #####.......###### #
#..###....@sZ#####....
,*
#...########........#
#.#.## ##..####.#
#.#..### #....# ,
#.[#...# * #.##...
##..##.., .. ###.# ,
##.#*### #.# * .. ,
##.## ,#. . #...# ..##
* ,


You could see a scorpion and a centaur zombie.

Vanquished Creatures
  An iguana (D:6)
  8 adders
  A shadow imp (D:6)
  A worm (D:2)
  A dart slug (D:1)
  An orc (D:6)
  7 bats
  3 endoplasms
  3 giant cockroaches
  5 goblins (D:1)
  7 hobgoblins
  4 kobolds
  6 ball pythons
  5 frilled lizards
  6 rats
59 creatures vanquished.

Notes
Turn   | Place    | Note
-------+----------+-------------------------------------------
     0 | Abyss:1  | heikuro the Formicid Abyssal Knight began the quest for the
                  | Orb.
     0 | Abyss:1  | Reached XP level 1. HP: 18/18 MP: 2/2
    99 | Abyss:1  | Noticed a ynoxinul
   100 | D:1      | Escaped the Abyss
   324 | D:1      | Found a faded altar of an unknown god.
   345 | D:1      | Reached skill level 1 in Dodging
   346 | D:1      | Reached XP level 2. HP: 17/24 MP: 3/3
   583 | D:1      | Reached * piety under Lugonu
  1136 | D:1      | Reached XP level 3. HP: 25/29 MP: 4/4
  1328 | D:2      | Reached skill level 1 in Shields
  1615 | D:2      | Reached skill level 1 in Slings
  1639 | D:2      | Reached XP level 4. HP: 27/36 MP: 5/5
  2136 | D:2      | Gained mutation: Your movements are slightly less
                  | encumbered by armour. (ER -2) [potion of mutation]
  2136 | D:2      | Gained mutation: You are frail. (-10% HP) [potion of
                  | mutation]
  2136 | D:2      | Gained mutation: Your flesh is cold resistant. (rC+)
                  | [potion of mutation]
  2136 | D:2      | Gained mutation: You passively map a small area around you.
                  | [potion of mutation]
  2362 | D:3      | Reached XP level 5. HP: 37/37 MP: 7/7
  2378 | D:3      | Noticed an ogre
  2528 | D:3      | Reached ** piety under Lugonu
  2626 | D:3      | Reached skill level 4 in Fighting
  2774 | D:3      | You fall into a shaft and drop 3 floors!
  3128 | D:5      | Entered Level 5 of the Dungeon
  3205 | D:5      | HP: 1/37 [poisoned by a scorpion]
  3205 | D:5      | Slain by a scorpion

Illustrated notes

Levels and vault maps discovered:
D:1:      dpeg_arrival_subterranean_lakeside_camping, layout_basic,
          dreamdust_ecumenical_altar_statues
D:2:      layout_basic, minmay_pentomino_w4
D:3:      layout_rooms
D:5:      minmay_diamond_boxcup, layout_rooms, nicolae_shop_overcharged_wands
D:6:      layout_loops_ring, minmay_temple_entry_fiery, serial_shops,
          nicolae_square_shop

Skill      XL: |  1  2  3  4  5 |
---------------+----------------+-----
Dodging        | 1 |  1.0
Shields        | 1 2 |  2.4
Slings         | 1 |  1.9
Fighting       | 4 |  4.1
Armour         | 3 |  3.1
Invocations    | 3 |  3.1
Long Blades    | |  2.6

Action                   |  1- 3 |  4- 6 || total
-------------------------+-------+-------++-------
Melee: Falchion          |   101 |   145 ||   246
Throw: Dart              |       |     3 ||     3
Invok: Depart the Abyss  |     1 |       ||     1
  Use: Scroll            |       |     5 ||     5
       Potion            |       |     3 ||     3
 Stab: Invisible         |       |     1 ||     1
Armor: Leather armour    |     4 |       ||     4
       Ring mail         |    20 |    53 ||    73
       Plate armour      |       |    17 ||    17
Dodge: Dodged            |    58 |    76 ||   134
Block: Buckler           |    10 |    21 ||    31

Table legend: (Time is in decaauts)
 A = Elapsed time spent in this place.
 B = Non-inter-level travel time spent in this place.
 C = Inter-level travel time spent in this place.
 D = Time resting spent in this place.
 E = Time spent auto-exploring this place.
 F = Levels seen in this place.
 G = Mean time per level.
                   A        B        C        D        E       F      G
               +--------+--------+--------+--------+--------+-----+--------+
         Total |   3258 |   3105 |    153 |    868 |   1307 |   6 |  543.0 |
       Dungeon |   3158 |   3005 |    153 |    868 |   1217 |   5 |  631.6 |
         Abyss |    100 |    100 |      0 |      0 |     90 |   1 |  100.0 |
               +--------+--------+--------+--------+--------+-----+--------+

Top non-repeatable levels by time:
     D:1: 1224 daAuts
     D:2: 1121 daAuts
     D:3: 373 daAuts
     D:6: 358 daAuts
 Abyss:1: 100 daAuts
     D:5: 80 daAuts
